 Dungeon Crawl Stone Soup version 0.26-a0-180-ge96aa7da28 (webtiles) character file.

Game seed: 85757071486242907

29361 Flugslaktarn the Geomancer (level 13, -8/68 HPs)
             Began as a Vine Stalker Ice Elementalist on July 2, 2020.
             Was a High Priest of Cheibriados.
             Killed by Lee's Rapid Deconstruction
             ... invoked by Jorgrun
              (11 damage)
             ... while petrified by Jorgrun
             ... on level 2 of the Orcish Mines on July 3, 2020.
             The game lasted 01:11:08 (5291 turns).

Flugslaktarn the Geomancer (VSIE)                   Turns: 5291, Time: 01:11:09

Health: -8/68      AC: 12    Str: 24    XL:     13   Next: 44%
Magic:  0/21       EV: -1    Int: 31    God:    Cheibriados [*****.]
Gold:   877        SH:  0    Dex: 27    Spells: 7/22 levels left

rFire    + . .     SeeInvis +   r - +5 falchion
rCold    + . .     Faith    .   (no shield)
rNeg     + + +     Spirit   +   Y - +2 animal skin {rC+}
rPois    ∞         Reflect  +   y - +2 hat {SInv}
rElec    .         Harm     .   e - +0 cloak
rCorr    .                      Q - +1 pair of gloves
MR       +....                  t - +2 pair of boots
Stlth    +++.......             H - amulet of reflection
HPRegen  1.01/turn              A - ring of protection from fire
MPRegen  0.17/turn              I - ring of wizardry

@: petrified, grasped by roots, constricted, very slow
A: fangs 3, regeneration 2, magic shield, antimagic bite, no potion heal 3, rot
immunity
a: Bend Time, Temporal Distortion, Slouch, Step From Time, Renounce Religion


You were on level 2 of the Orcish Mines.
You worshipped Cheibriados.
Cheibriados was extremely pleased with you.
You were not hungry.

You visited 3 branches of the dungeon, and saw 15 of its levels.
You also visited: Ice Cave.

You collected 877 gold pieces.

Inventory:

Hand Weapons
 r - a +5 falchion (weapon)
   (You found it on level 4 of the Dungeon)
 R - a +0 broad axe
   (You found it on level 9 of the Dungeon)
 X - a +0 battleaxe of freezing
   (You took it off a frost giant in an ice cave)
Missiles
 g - 5 javelins (quivered)
 i - 116 arrows
 o - 23 boomerangs
Armour
 e - a +0 cloak (worn)
   (You found it on level 9 of the Dungeon)
 j - a +2 helmet
   (You found it on level 3 of the Dungeon)
 m - +0 fire dragon scales
   (You found it on level 12 of the Dungeon)
 p - +0 acid dragon scales
   (You found it on level 12 of the Dungeon)
 t - a +2 pair of boots (worn)
   (You found it on level 4 of the Dungeon)
 y - a +2 hat of see invisible (worn)
   (You found it on level 12 of the Dungeon)
 J - +0 steam dragon scales
   (You found it on level 10 of the Dungeon)
 Q - a +1 pair of gloves (worn)
   (You found it on level 12 of the Dungeon)
 Y - a +2 animal skin of cold resistance (worn)
   (You found it in an ice cave)
Magical Staves
 a - an uncursed staff of earth
   (You found it on level 10 of the Dungeon)
 M - an uncursed staff of cold
   (You found it on level 11 of the Dungeon)
Jewellery
 f - a +6 ring of strength
   (You found it on level 2 of the Dungeon)
 h - an uncursed ring of poison resistance
   (You found it in an ice cave)
 n - a +6 ring of dexterity
   (You found it on level 3 of the Dungeon)
 u - an uncursed ring of teleportation
   (You found it on level 4 of the Dungeon)
 A - a ring of protection from fire (left hand)
   (You found it on level 6 of the Dungeon)
 H - an amulet of reflection (around neck)
   (You found it on level 10 of the Dungeon)
 I - a ring of wizardry (right hand)
   (You found it on level 10 of the Dungeon)
 Z - an uncursed ring of protection from cold
   (You found it in an ice cave)
Wands
 q - a wand of polymorph (4)
   (You found it on level 4 of the Dungeon)
 P - a wand of enslavement (17)
   (You found it on level 11 of the Dungeon)
 S - a wand of flame (13)
   (You found it in an ice cave)
Scrolls
 w - a scroll of fog {unknown}
 z - a scroll of enchant weapon
 C - a scroll of remove curse
 F - a scroll of magic mapping
 L - a scroll of noise
 N - a scroll of summoning
 O - a scroll of vulnerability {unknown}
 V - a scroll of holy word {unknown}
Potions
 b - a potion of lignification
 k - 4 potions of brilliance
 l - 2 potions of mutation
 s - 4 potions of might
 v - a potion of magic
 B - 3 potions of flight
 E - 2 potions of haste
 G - 3 potions of curing
 K - a potion of cancellation
 U - a potion of resistance {unknown}
Comestibles
 c - 16 rations


   Skills:
 - Level 8.0 Fighting
 + Level 9.5 Dodging
 - Level 2.4 Stealth
 - Level 5.0 Spellcasting
 - Level 3.0 Summonings
 - Level 4.0 Transmutations
 - Level 9.0 Ice Magic
 - Level 10.0 Earth Magic
 - Level 8.0 Invocations
 - Level 6.0 Evocations


You had 7 spell levels left.
You knew the following spells:

 Your Spells              Type           Power        Failure   Level  Hunger
a - Freeze                Ice            ####         1%          1    None
b - Frozen Ramparts       Ice            ######       1%          3    None
c - Passwall              Tmut/Erth      ######..     1%          2    None
d - Summon Ice Beast      Ice/Summ       #####...     1%          4    ###....
e - Lee's Rapid Deconstr  Erth           ######....   1%          5    #####..

Your spell library contained the following spells:

 Spells                   Type           Power        Failure   Level  Hunger
 Sandblast                Erth           ######       1%          1    None
 Ozocubu's Armour         Chrm/Ice       #####...     1%          3    None
 Stone Arrow              Conj/Erth      #####.       1%          3    None
 Petrify                  Tmut/Erth      ######..     1%          4    ###....
 Swiftness                Chrm/Air       #.......     3%          2    None
 Hailstorm                Conj/Ice       #####...     3%          4    ###....
 Passage of Golubria      Tloc           N/A          21%         4    ###....
 Darkness                 Hex            #.........   96%         6    ######.
 Invisibility             Hex            #.......     96%         6    ######.


Dungeon Overview and Level Annotations

Branches:
Dungeon (12/15)            Temple (1/1) D:4            Lair (0/6) D:11
    Orc (2/2) D:9           IceCv (visited)
    Elf: Orc:2

Altars:
Ashenzari
Cheibriados
Dithmenos
Elyvilon
Fedhas
Qazlal
Ru
Trog
Uskayaw
Yredelemnul
Beogh

Shops:
D:6 :   D:9 :   D:10 [

Annotations:
Orc:2 Jorgrun, Saint Roka


Innate Abilities, Weirdness & Mutations

You have razor-sharp teeth.
You heal very quickly.
When hurt, damage is shared between your health and your magic reserves.
Your bite disrupts and absorbs the magic of your enemies.
Potions cannot restore your health.
You are immune to rotting.


Message History

You feel invigorated.
The ogre is lightly wounded.
The orc closely misses your ice beast. The ogre misses you.
Your ice beast hits the orc.
Your ice beast freezes the orc!
The orc dies!
Cheibriados appreciates the change of pace.
You slash the ogre! You bite the ogre!
You kill the ogre!
Cheibriados appreciates the change of pace.
Your ice beast hits the orc.
Your ice beast freezes the orc!
The orc dies!
Cheibriados appreciates the change of pace.
Things that are here:
a +0 giant club; an ogre corpse You now have 877 gold pieces (gained 24).
Your ice beast disappears in a puff of smoke!
Jorgrun points at you and mumbles some strange words.
You are slowing down.
Your limbs are stiffening.
Jorgrun points at you and mumbles some strange words.
Roots burst forth from the earth!
The grasping roots grab you! The grasping roots constrict you!
The grasping roots constrict you.
Jorgrun points at you and mumbles some strange words.
The iron shot hits your ice beast!!!
Your ice beast dies!
The grasping roots constrict you.
You have turned to stone.
The grasping roots constrict you! Jorgrun gestures at you while chanting.
The iron shot hits you!!! The grasping roots constrict you.
Jorgrun says, "'tis place shall be yer tomb!"
Jorgrun gestures at you while chanting. The iron shot hits you!!!
* * * LOW HITPOINT WARNING * * *
* * * LOW HITPOINT WARNING * * *
The grasping roots constrict you!
* * * LOW HITPOINT WARNING * * *
The grasping roots constrict you!
Jorgrun says, "'tis place shall be yer tomb!"
* * * LOW HITPOINT WARNING * * *
The grasping roots constrict you!
Jorgrun says, "'tis place shall be yer tomb!"
Jorgrun gestures at you while chanting. The iron shot hits you!!
* * * LOW HITPOINT WARNING * * *
* * * LOW HITPOINT WARNING * * *
The grasping roots constrict you!
Jorgrun points at you and mumbles some strange words.
You shatter!!
You die...

.)).#
...........................
))..#
.......#...............##.
.)).#
...........†.)........)##
..).#
.<.......)#...)..........
....#
.....#.#)..............
##### ..#.#................
##g#..).....#........
###.#........##...#....
##.....@...####.....#.#.
##..........###.......#..
##..........###......[..#.
#..#........# #....<.).[#.
#.........## #......[[[..
##.........# ##.....)..#.
#.....#..## #.......##.
#.....#### ##...†.# #.
##..... ##..## ##.


You could see Jorgrun.

Vanquished Creatures
  A frost giant (IceCv)
  Nessos (D:12)
  The ghost of Woxomig the Martial Artist, a journeyman OpFi of Cheibriados (D:12)
  A fire dragon (D:12)
  5 two-headed ogres
  Pikel (D:6)
  2 harpies (D:12)
  2 manticores (D:12)
  A moth of wrath (D:12)
  An ice statue (IceCv)
  A rime drake (IceCv)
  12 polar bears (IceCv)
  3 meliai (D:12)
  A queen bee (D:8)
  3 slime creatures (D:12)
  A shadow (D:11)
  24 yaks
  A wraith (D:11)
  Eustachio (D:6)
  A basilisk (D:12)
  3 vampire mosquitoes (D:12)
  A hungry ghost (D:12)
  2 acid dragons
  A water moccasin (D:7)
  2 soldier ants (D:12)
  2 sky beasts
  10 orc warriors (Orc:2)
  3 porcupines (D:11)
  9 ice beasts
  A necrophage (D:10)
  A removed slave (D:6)
  3 black bears
  9 ogres
  A phantom (D:7)
  14 wolves (IceCv)
  3 centaurs
  2 crocodiles (D:11)
  2 big kobolds
  A nameless horror (D:8)
  2 bullfrogs
  A water moccasin zombie (D:7)
  2 scorpions
  12 killer bees (D:8)
  6 howler monkeys
  A quasit (D:6)
  2 bullfrog zombies
  2 hounds
  2 jellies
  3 centaur skeletons
  9 orc priests
  6 orc wizards
  5 worker ants
  A killer bee zombie (D:7)
  A hound skeleton (D:4)
  2 gnolls (D:8)
  2 adders
  2 white imps (D:9)
  An ufetubus (D:6)
  A leopard gecko (D:6)
  39 orcs
  A ball python (D:7)
  2 bats (D:3)
  A giant cockroach (D:3)
  A goblin (D:3)
  4 hobgoblins
  2 jackals (D:6)
  5 quokkas
  A frilled lizard (D:2)
  A jackal zombie (D:6)
  8 kobolds
  A quokka skeleton (D:8)
  A quokka zombie (D:10)
264 creatures vanquished.

Vanquished Creatures (collateral kills)
  A two-headed ogre (Orc:2)
  2 ugly things
  A centaur skeleton (D:12)
  2 trolls
  A polar bear (IceCv)
  A wyvern (D:12)
  4 yaks
  2 basilisks
  An acid dragon (D:12)
  2 porcupines
  A phantom (D:5)
  3 ice beasts (D:12)
  7 orc warriors
  A black bear (D:10)
  A centaur (D:12)
  5 ogres
  A necrophage (D:12)
  A crocodile (D:11)
  3 bullfrogs
  2 scorpions
  A killer bee (D:8)
  A bullfrog skeleton (D:12)
  An orc priest (Orc:1)
  2 orc wizards
  A killer bee zombie (D:8)
  A leopard gecko (D:11)
  19 orcs
  A kobold (D:11)
69 creatures vanquished.

Vanquished Creatures (others)
  A troll (Orc:1)
1 creature vanquished.

Grand Total: 334 creatures vanquished

Notes
Turn   | Place    | Note
-------+----------+-------------------------------------------
     0 | D:1      | Flugslaktarn the Vine Stalker Ice Elementalist began the
                  | quest for the Orb.
     0 | D:1      | Reached XP level 1. HP: 9/9 MP: 4/4
   136 | D:3      | Reached XP level 2. HP: 10/13 MP: 4/6
   391 | D:4      | Reached XP level 3. HP: 9/16 MP: 4/8
   396 | D:4      | Learned a level 3 spell: Frozen Ramparts
   536 | D:4      | Found a staircase to the Ecumenical Temple.
   542 | D:4      | Reached skill level 5 in Ice Magic
   550 | D:4      | Gained mutation: Your natural rate of healing is unusually
                  | fast. [Vine Stalker growth]
   550 | D:4      | Reached XP level 4. HP: 11/21 MP: 7/9
   555 | Temple   | Entered the Ecumenical Temple
   623 | Temple   | Became a worshipper of Cheibriados the Contemplative
   710 | D:4      | Reached XP level 5. HP: 12/24 MP: 8/11
   748 | D:4      | Found a basalt altar of Yredelemnul.
   782 | D:5      | Entered Level 5 of the Dungeon
   782 | D:5      | Noticed an ice beast
   808 | D:5      | Killed an ice beast
   814 | D:5      | Reached XP level 6. HP: 22/28 MP: 3/13
   833 | D:5      | Learned a level 4 spell: Summon Ice Beast
   847 | D:5      | Noticed a phantom
   861 | D:5      | Reached skill level 1 in Summonings
   904 | D:5      | Reached XP level 7. HP: 22/32 MP: 8/14
  1090 | D:6      | Found Kunke's Book Emporium.
  1097 | D:6      | Reached * piety under Cheibriados
  1140 | D:6      | Reached skill level 1 in Fighting
  1209 | D:6      | Noticed Pikel
  1215 | D:6      | Gained mutation: You have razor-sharp teeth. [Vine Stalker
                  | growth]
  1215 | D:6      | Reached XP level 8. HP: 37/37 MP: 11/15
  1220 | D:6      | Killed Pikel
  1399 | D:7      | Found a bloodstained altar of Trog.
  1452 | D:7      | Reached XP level 9. HP: 30/46 MP: 4/16
  1452 | D:7      | Reached ** piety under Cheibriados
  1568 | D:6      | Reached skill level 5 in Fighting
  1570 | D:6      | Noticed Eustachio
  1576 | D:6      | Reached skill level 5 in Dodging
  1580 | D:6      | Killed Eustachio
  1696 | D:8      | Noticed a queen bee
  1738 | D:8      | Reached *** piety under Cheibriados
  1829 | D:8      | Killed a queen bee
  1929 | D:9      | Noticed a two-headed ogre
  1935 | D:9      | Killed a two-headed ogre
  1935 | D:9      | Reached XP level 10. HP: 43/55 MP: 17/17
  2122 | D:9      | Found Kasaybrolab's Book Shop.
  2189 | D:9      | Reached skill level 1 in Invocations
  2189 | D:9      | Reached skill level 1 in Evocations
  2257 | D:10     | Entered Level 10 of the Dungeon
  2261 | D:10     | Reached **** piety under Cheibriados
  2368 | D:10     | Noticed Maggie
  2369 | D:10     | Noticed Maggie
  2369 | D:10     | Maggie changed into Maggie the porcupine
  2373 | D:10     | Killed Maggie the porcupine
  2787 | D:11     | Found a staircase to the Lair.
  2803 | D:11     | Noticed a two-headed ogre
  2810 | D:11     | Killed a two-headed ogre
  2810 | D:11     | Reached skill level 5 in Invocations
  2830 | D:11     | Reached ***** piety under Cheibriados
  2830 | D:11     | Reached XP level 11. HP: 58/58 MP: 8/18
  2888 | D:11     | Noticed a green ugly thing
  2905 | D:11     | Killed a green ugly thing
  2921 | D:11     | Noticed a two-headed ogre
  2928 | D:11     | Killed a two-headed ogre
  3056 | D:12     | Noticed a purple ugly thing
  3068 | D:12     | Killed a purple ugly thing
  3099 | D:12     | Learned a level 2 spell: Passwall
  3203 | D:12     | Reached skill level 1 in Transmutations
  3203 | D:12     | Reached skill level 1 in Earth Magic
  3220 | D:12     | Noticed Nessos
  3226 | D:12     | Killed Nessos
  3226 | D:12     | Reached skill level 2 in Earth Magic
  3289 | D:12     | Reached skill level 5 in Spellcasting
  3300 | D:12     | Reached skill level 3 in Earth Magic
  3334 | D:12     | Found a frozen archway.
  3366 | IceCv    | Entered an ice cave
  3397 | IceCv    | Gained mutation: You heal very quickly. [Vine Stalker
                  | growth]
  3397 | IceCv    | Reached XP level 12. HP: 63/63 MP: 13/20
  3470 | IceCv    | Reached skill level 4 in Earth Magic
  3499 | IceCv    | Reached skill level 5 in Earth Magic
  3586 | IceCv    | Reached skill level 6 in Earth Magic
  3662 | IceCv    | Learned a level 5 spell: Lee's Rapid Deconstruction
  3665 | IceCv    | Reached skill level 7 in Earth Magic
  3734 | IceCv    | Reached skill level 8 in Earth Magic
  3771 | IceCv    | Noticed a frost giant
  3780 | IceCv    | Killed a frost giant
  3780 | IceCv    | Reached skill level 5 in Evocations
  3855 | D:12     | Noticed Woxomig's ghost (journeyman OpFi)
  3860 | D:12     | Noticed a fire dragon
  3869 | D:12     | Found a transporter.
  3883 | D:12     | Found a transporter.
  3936 | D:12     | Reached skill level 9 in Earth Magic
  3938 | D:12     | Reached XP level 13. HP: 68/68 MP: 7/21
  3946 | D:12     | Killed Woxomig's ghost
  3946 | D:12     | Killed a fire dragon
  3946 | D:12     | Reached skill level 10 in Earth Magic
  4273 | D:9      | Found a sacrificial altar of Ru.
  4396 | D:10     | Found Qab Zoe's Armour Shop.
  4866 | D:9      | Found a staircase to the Orcish Mines.
  4882 | Orc:1    | Entered Level 1 of the Orcish Mines
  4948 | Orc:1    | You fall into a shaft and drop 1 floor!
  4948 | Orc:2    | Entered Level 2 of the Orcish Mines
  5095 | Orc:2    | Noticed Jorgrun
  5101 | Orc:2    | Found a roughly hewn altar of Beogh.
  5101 | Orc:2    | Noticed Saint Roka
  5228 | Orc:2    | Upgraded the game from 0.26-a0-158-g66bac3cce0 to
                  | 0.26-a0-180-ge96aa7da28
  5290 | Orc:2    | HP: 2/68 [Jorgrun/+0 vorpal quarterstaff (3)]
  5291 | Orc:2    | Killed from afar by Jorgrun

Illustrated notes

Levels and vault maps discovered:
D:1:      minmay_arrival_plants_in_alcoves, layout_basic,
          chequers_serial_rivers_small_3, roderic_filled_cross
D:2:      layout_loops_corners, first_ration
D:3:      layout_basic, serial_bayou_pond_e, mrwooster_statue_mirror,
          cheibrodos_gnoll_hut
D:4:      layout_basic, old_standard_altar, minmay_temple_entry_grid,
          minmay_statues_item
D:5:      layout_rooms
D:6:      kennysheep_orc_sif_temple, layout_basic, serial_shops, shop_statue,
          minivault_25, bh_walls_and_bars, uniq_pikel, uniq_eustachio
D:7:      layout_loops_cross, chequers_temple_overflow_statue_of_worship,
          lightli_temple_of_fire
D:8:      layout_basic, basic_altar, david_nohive_1
D:9:      layout_loops_corners, orc_0_dummy, serial_shops,
          kennysheep_little_box, nicolae_ru_sacrificial_ziggurat
D:10:     layout_irregular_city, serial_shops, shop, uniq_maggie
D:11:     layout_loops_corners, minmay_lair_entry_grove
D:12:     layout_rooms, gammafunk_ghost_berserking_beasts,
          portal_ice_cave_entry_ice_beasts, uniq_nessos
Temple:   hc_temple_tempest_star
Orc:1:    layout_caves
Orc:2:    pubby_orc_utopia, uniq_jorgrun

Skill      XL: |  1  2  3  4  5  6  7  8  9 10 11 12 13 |
---------------+----------------------------------------+-----
Spellcasting   | 3 4 5 |  5.0
Ice Magic      | 5 6 7 8 9 |  9.0
Summonings     | 1 3 |  3.0
Fighting       | 1 4 7 8 |  8.0
Dodging        | 2 4 7 8 9 |  9.5
Invocations    | 5 8 |  8.0
Evocations     | 4 5 6 |  6.0
Transmutations | 3 4 |  4.0
Earth Magic    | 3 9 10 | 10.0
Stealth        | |  2.4

Action                   |  1- 3 |  4- 6 |  7- 9 | 10-12 | 13-15 || total
-------------------------+-------+-------+-------+-------+-------++-------
Melee: Whip              |    20 |    49 |    20 |       |       ||    89
       Bite              |     6 |    21 |    68 |   135 |    64 ||   294
       Falchion          |       |       |    77 |   142 |    69 ||   288
       Staff             |       |       |       |     5 |       ||     5
Throw: Boomerang         |       |     2 |     3 |     6 |       ||    11
       Javelin           |       |     5 |     3 |     2 |     2 ||    12
 Cast: Freeze            |    19 |       |       |       |       ||    19
       Frozen Ramparts   |     1 |     9 |    21 |    36 |    12 ||    79
       Summon Ice Beast  |       |       |     9 |    55 |    18 ||    82
       Lee's Rapid Decon |       |       |       |     4 |     1 ||     5
       Passwall          |       |       |       |     2 |       ||     2
Invok: Bend Time         |       |       |     1 |       |       ||     1
       Slouch            |       |       |       |     7 |     1 ||     8
       Temporal Distorti |       |       |       |     1 |     3 ||     4
Evoke: Wand              |       |       |     1 |     7 |     2 ||    10
  Use: Scroll            |       |    14 |     4 |     7 |     8 ||    33
       Potion            |       |       |       |     2 |       ||     2
 Stab: Sleeping          |     2 |       |     2 |     2 |     1 ||     7
       Distracted        |       |       |     1 |     3 |     1 ||     5
       Invisible         |       |       |       |       |     1 ||     1
  Eat: Ration            |       |       |     2 |     4 |     2 ||     8
       Chunk             |       |       |     1 |     2 |       ||     3
Armor: Robe              |     7 |    19 |    46 |     4 |       ||    76
       Steam dragon scal |       |       |       |    67 |       ||    67
       Animal skin       |       |       |       |       |    22 ||    22
Dodge: Dodged            |    27 |    40 |   125 |   259 |   138 ||   589
Block: Other             |       |       |       |    78 |    41 ||   119
       Reflection        |       |       |       |     2 |     2 ||     4
       Rpst.: Falchion   |       |       |    38 |    60 |    34 ||   132

Table legend:
 A = Non-vault XP
 B = Vault XP
 C = Vault XP percentage of total XP
 D = Non-vault monster count
 E = Vault monster count
 F = Vault count percentage of total count
                 A         B        C        D         E       F
            +---------+---------+-------+---------+---------+-------
      Total |   14175 |   27770 |  66.2 |     177 |     155 |  46.7
            +---------+---------+-------+---------+---------+-------
        D:2 |       7 |       0 |   0.0 |       4 |       0 |   0.0
        D:3 |      16 |       0 |   0.0 |       8 |       0 |   0.0
        D:4 |     114 |      42 |  26.9 |       7 |       1 |  12.5
        D:5 |     598 |       0 |   0.0 |      10 |       0 |   0.0
        D:6 |     537 |     774 |  59.0 |      12 |       2 |  14.3
        D:7 |     904 |       0 |   0.0 |      24 |       0 |   0.0
        D:8 |     493 |    1117 |  69.4 |      12 |      14 |  53.8
        D:9 |    1536 |       0 |   0.0 |      16 |       0 |   0.0
       D:10 |     357 |      87 |  19.6 |       9 |       1 |  10.0
       D:11 |    3715 |    1478 |  28.5 |      22 |      13 |  37.1
       D:12 |    4820 |    7649 |  61.3 |      32 |      19 |  37.3
      Orc:1 |    1078 |       0 |   0.0 |      21 |       0 |   0.0
      Orc:2 |       0 |    4986 | 100.0 |       0 |      56 | 100.0
      IceCv |       0 |   11637 | 100.0 |       0 |      49 | 100.0
            +---------+---------+-------+---------+---------+-------
